SL
BUCKHEAD BOWTIES @ DETROIT ELITE
06/08/2042
 
TOP OF THE 1ST
Buckhead Bowties batting - Pitching for Detroit Elite : RHP Gilberto Medina
Pitching: RHP Gilberto Medina
Batting: SHB Silvio Capitanio 0-0: Called Strike
0-1: Ball
1-1: Ball
2-1: Called Strike
2-2: Strikes out swinging
Batting: LHB Marcus Shill 0-0: Ball
1-0: Foul Ball, location: 2F
1-1: Foul Ball, location: 2F
1-2: Hit by Pitch
Batting: LHB Jesús Encarnación 0-0: Swinging Strike
0-1: Ball
1-1: Fly out, F7 (Flyball, 7S, EV 87.5 MPH)
Batting: LHB Spencer Powell 0-0: DOUBLE (Line Drive, 89M, EV 111.2 MPH)
Marcus Shill to third
Runner from 3rd tries for Home, SAFE, no throw by CF
Batting: RHB Juan Barrón 0-0: Ball
1-0: Foul Ball, location: 2F
1-1: Fly out, F8 (Flyball, 8LS, EV 83.1 MPH)
Top of the 1st over - 1 run, 1 hit, 0 errors, 1 left on base; Buckhead 1 - Detroit 0
BOTTOM OF THE 1ST
Detroit Elite batting - Pitching for Buckhead Bowties : LHP Jong-yong Ha
Pitching: LHP Jong-yong Ha
Batting: RHB Dejmi Dumervil 0-0: Swinging Strike
0-1: Swinging Strike
0-2: Strikes out swinging
Batting: LHB Jack McCusker 0-0: Fly out, F8 (Flyball, 8LXD, EV 81.9 MPH)
Batting: RHB Amon-Ra St. Brown 0-0: SINGLE (Groundball, 5, EV 87.5 MPH) (infield hit)
Batting: LHB Murray Sperber 0-0: Ball
1-0: Swinging Strike
1-1: Fly out, F9 (Flyball, 9, EV 88.8 MPH)
Bottom of the 1st over - 0 runs, 1 hit, 0 errors, 1 left on base; Buckhead 1 - Detroit 0
TOP OF THE 2ND
Buckhead Bowties batting - Pitching for Detroit Elite : RHP Gilberto Medina
Batting: LHB Charles Godard 0-0: Ground out 4-3 (Groundball, 4, EV 105.0 MPH)
Batting: RHB Barsati Saraf 0-0: Fly out, F8 (Flyball, 8LS, EV 86.2 MPH)
Batting: RHB Obiniana Romulo 0-0: Swinging Strike
0-1: Foul Ball, location: 2F
0-2: Strikes out swinging
Top of the 2nd over - 0 runs, 0 hits, 0 errors, 0 left on base; Buckhead 1 - Detroit 0
BOTTOM OF THE 2ND
Detroit Elite batting - Pitching for Buckhead Bowties : LHP Jong-yong Ha
Batting: RHB Víctor Cuevas 0-0: Ball
1-0: Ground out 6-3 (Groundball, 6, EV 81.2 MPH)
Batting: RHB Estanislao Hirigoyen 0-0: Swinging Strike
0-1: Ball
1-1: Called Strike
1-2: Ball
2-2: Strikes out swinging
Batting: RHB Juan Amengual 0-0: DOUBLE (Flyball, 8RXD, EV 91.9 MPH)
Batting: LHB Dave Watts 0-0: Ball
1-0: Called Strike
1-1: Foul Ball, location: 2F
1-2: Fly out, F7 (Line Drive, 7, EV 93.8 MPH)
Bottom of the 2nd over - 0 runs, 1 hit, 0 errors, 1 left on base; Buckhead 1 - Detroit 0
TOP OF THE 3RD
Buckhead Bowties batting - Pitching for Detroit Elite : RHP Gilberto Medina
Batting: RHB Cam Lumsden 0-0: Called Strike
0-1: Ball
1-1: Fly out, F3 (Popup, 3SF, EV 80.0 MPH)
Batting: SHB Silvio Capitanio 0-0: Foul Ball, location: 2F
0-1: Foul Ball, location: 2F
0-2: Ball
1-2: Strikes out swinging
Batting: LHB Marcus Shill 0-0: Ball
1-0: Called Strike
1-1: Called Strike
1-2: Fly out, F8 (Flyball, 89M, EV 82.5 MPH)
Top of the 3rd over - 0 runs, 0 hits, 0 errors, 0 left on base; Buckhead 1 - Detroit 0
BOTTOM OF THE 3RD
Detroit Elite batting - Pitching for Buckhead Bowties : LHP Jong-yong Ha
Batting: RHB Sergio Aguero 0-0: Ball
1-0: Foul Ball, location: 2F
1-1: Called Strike
1-2: Foul Ball, location: 2F
1-2: Fly out, F8 (Line Drive, 8LM, EV 96.9 MPH)
Batting: RHB Dejmi Dumervil 0-0: Ball
1-0: Ball
2-0: Ball
3-0: Called Strike
3-1: Foul Ball, location: 2F
3-2: Base on Balls
Batting: LHB Jack McCusker 0-0: Ball
1-0: Ball
2-0: Called Strike
2-1: Ball
3-1: Called Strike
3-2: Fly out, F7 (Flyball, 7S, EV 94.4 MPH)
Batting: RHB Amon-Ra St. Brown 0-0: Called Strike
Dejmi Dumervil steals 2nd base
0-1: Ground out 4-3 (Groundball, 4, EV 86.9 MPH)
Bottom of the 3rd over - 0 runs, 0 hits, 0 errors, 1 left on base; Buckhead 1 - Detroit 0
TOP OF THE 4TH
Buckhead Bowties batting - Pitching for Detroit Elite : RHP Gilberto Medina
Batting: LHB Jesús Encarnación 0-0: Foul Ball, location: 2F
0-1: Ground out 1-3 (Groundball, 13, EV 73.1 MPH)
Batting: LHB Spencer Powell 0-0: Swinging Strike
0-1: Ball
1-1: Ball
2-1: Ball
3-1: Called Strike
3-2: Strikes out swinging
Batting: RHB Juan Barrón 0-0: Called Strike
0-1: Called Strike
0-2: Foul Ball, location: 2F
0-2: Ball
1-2: Ball
2-2: Ground out 5-3 (Groundball, 56S, EV 74.4 MPH)
Top of the 4th over - 0 runs, 0 hits, 0 errors, 0 left on base; Buckhead 1 - Detroit 0
BOTTOM OF THE 4TH
Detroit Elite batting - Pitching for Buckhead Bowties : LHP Jong-yong Ha
Batting: LHB Murray Sperber 0-0: Ball
1-0: Foul Ball, location: 2F
1-1: Called Strike
1-2: Strikes out swinging
Batting: RHB Víctor Cuevas 0-0: Called Strike
0-1: Ground out 4-3 (Groundball, 34, EV 103.8 MPH)
Batting: RHB Estanislao Hirigoyen 0-0: Foul Ball, location: 2F
0-1: Fly out, F7 (Flyball, 7, EV 89.4 MPH)
Bottom of the 4th over - 0 runs, 0 hits, 0 errors, 0 left on base; Buckhead 1 - Detroit 0
TOP OF THE 5TH
Buckhead Bowties batting - Pitching for Detroit Elite : RHP Gilberto Medina
Batting: LHB Charles Godard 0-0: Called Strike
0-1: Ball
1-1: Ball
2-1: SINGLE (Groundball, 6D, EV 80.6 MPH) (infield hit)
Batting: RHB Barsati Saraf 0-0: Fly out, F3 (Popup, 23F, EV 94.4 MPH)
Batting: RHB Obiniana Romulo 0-0: Called Strike
0-1: Swinging Strike
0-2: Strikes out swinging
Batting: RHB Cam Lumsden 0-0: Ball
1-0: Called Strike
Charles Godard is caught stealing 2nd base 2-4
Top of the 5th over - 0 runs, 1 hit, 0 errors, 0 left on base; Buckhead 1 - Detroit 0
BOTTOM OF THE 5TH
Detroit Elite batting - Pitching for Buckhead Bowties : LHP Jong-yong Ha
Batting: RHB Juan Amengual 0-0: Foul Ball, location: 2F
0-1: SINGLE (Groundball, 56D, EV 109.4 MPH)
Batting: LHB Dave Watts 0-0: SINGLE (Flyball, 8LS, EV 86.9 MPH)
Juan Amengual to second
Batting: RHB Sergio Aguero 0-0: Bunted foul
0-1: Bunted foul
0-2: Ball
1-2: Ball
2-2: Ball
3-2: Fly out, F3 (Popup, 3SF, EV 37.5 MPH)
Batting: RHB Dejmi Dumervil 0-0: Fielders Choice at 2nd, 1-6 (Groundball, 34S, EV 85.6 MPH)
Juan Amengual to third
Batting: LHB Jack McCusker 0-0: Ball
1-0: Ball
2-0: Called Strike
2-1: Foul Ball, location: 2F
2-2: Ball
3-2: Strikes out swinging
Bottom of the 5th over - 0 runs, 2 hits, 0 errors, 2 left on base; Buckhead 1 - Detroit 0
TOP OF THE 6TH
Buckhead Bowties batting - Pitching for Detroit Elite : RHP Gilberto Medina
Batting: RHB Cam Lumsden 0-0: SINGLE (Line Drive, 8RS, EV 88.8 MPH)
Batting: SHB Silvio Capitanio 0-0: Called Strike
0-1: SINGLE (Groundball, 34D, EV 103.8 MPH)
Cam Lumsden to second
Runner from 2nd tries for 3rd, SAFE, throw by RF made to third
Batting: LHB Marcus Shill 0-0: Foul Ball, location: 2F
0-1: Foul Ball, location: 2F
0-2: Strikes out looking
Batting: LHB Jesús Encarnación 0-0: Called Strike
0-1: Ball
1-1: Ball
2-1: Foul Ball, location: 2F
2-2: Foul Ball, location: 2F
2-2: Foul Ball, location: 2F
2-2: DOUBLE (Line Drive, 3D, EV 96.2 MPH)
Cam Lumsden scores
Silvio Capitanio to third
Batting: LHB Spencer Powell 0-0: Ball
1-0: Ball
2-0: Ball
3-0: Called Strike
3-1: Base on Balls
Batting: RHB Juan Barrón 0-0: Ball
1-0: Grounds into fielders choice 6-2 (Groundball, 6, EV 81.9 MPH)
Jesús Encarnación to third
Spencer Powell to second
Batting: LHB Charles Godard 0-0: Ball
1-0: Fly out, F3 (Line Drive, 3, EV 70.0 MPH)
Top of the 6th over - 1 run, 3 hits, 0 errors, 3 left on base; Buckhead 2 - Detroit 0
BOTTOM OF THE 6TH
Detroit Elite batting - Pitching for Buckhead Bowties : LHP Jong-yong Ha
Batting: RHB Amon-Ra St. Brown 0-0: Ball
1-0: Called Strike
1-1: Called Strike
1-2: SINGLE (Line Drive, 89S, EV 113.1 MPH)
Batting: LHB Murray Sperber 0-0: Ball
1-0: Fielders Choice at 2nd, U6 (Groundball, 4M, EV 96.9 MPH)
Batting: RHB Víctor Cuevas 0-0: Foul Ball, location: 2F
0-1: Fielders Choice at 2nd, 4-6 (Groundball, 4, EV 102.5 MPH)
Batting: RHB Estanislao Hirigoyen 0-0: Called Strike
0-1: Ball
1-1: Foul Ball, location: 2F
1-2: Ball
2-2: Strikes out swinging
Bottom of the 6th over - 0 runs, 1 hit, 0 errors, 1 left on base; Buckhead 2 - Detroit 0
TOP OF THE 7TH
Buckhead Bowties batting - Pitching for Detroit Elite : RHP Gilberto Medina
Batting: RHB Barsati Saraf 0-0: Ball
1-0: Ground out 1-3 (Groundball, 34S, EV 86.2 MPH)
Batting: RHB Obiniana Romulo 0-0: Foul Ball, location: 2F
0-1: Swinging Strike
0-2: SINGLE (Line Drive, 7LM, EV 100.6 MPH)
Batting: RHB Cam Lumsden 0-0: Ball
1-0: Ball
2-0: Ball
3-0: Base on Balls
Obiniana Romulo to second
Batting: SHB Silvio Capitanio 0-0: Ball
1-0: Foul Ball, location: 2F
1-1: Ball
2-1: Ball
3-1: Reached via error on a dropped throw from P, E6 (Groundball, P, EV 90.6 MPH)
Obiniana Romulo to third
Cam Lumsden to second
Pitching: LHP Tony Torres
Batting: LHB Marcus Shill 0-0: Called Strike
0-1: SINGLE (Groundball, 6, EV 109.4 MPH) (infield hit)
Obiniana Romulo scores
Cam Lumsden to third
Silvio Capitanio to second
Batting: LHB Jesús Encarnación 0-0: Called Strike
0-1: Ball
1-1: Ball
2-1: Grounds into fielders choice 2-2 (Groundball, 15S, EV 71.9 MPH)
Silvio Capitanio to third
Marcus Shill to second
Batting: LHB Spencer Powell 0-0: Called Strike
0-1: Foul Ball, location: 2F
0-2: Ball
1-2: Foul Ball, location: 2F
1-2: Foul Ball, location: 2F
1-2: Ball
2-2: GRAND SLAM HOME RUN (Flyball, 9D, EV 100.6 MPH), Distance : 372 ft
Batting: RHB Juan Barrón 0-0: Ball
1-0: Called Strike
1-1: Ball
2-1: Ground out 4-3 (Groundball, 4, EV 82.5 MPH)
Top of the 7th over - 5 runs, 3 hits, 1 error, 0 left on base; Buckhead 7 - Detroit 0
BOTTOM OF THE 7TH
Detroit Elite batting - Pitching for Buckhead Bowties : LHP Jong-yong Ha
Batting: RHB Juan Amengual 0-0: Ball
1-0: SINGLE (Groundball, 56D, EV 100.6 MPH)
Batting: LHB Dave Watts 0-0: Foul Ball, location: 2F
0-1: Fly out, F9 (Flyball, 9LSF, EV 86.2 MPH)
Batting: RHB Sergio Aguero 0-0: Ball
1-0: Ball
2-0: Called Strike
2-1: Ball
3-1: SINGLE (Line Drive, 34, EV 96.2 MPH)
Juan Amengual to second
Pinch Hitting: RHB Manuel Ramos 0-0: Grounds into double play, 6-4-3 (Groundball, 6M, EV 85.0 MPH)
Bottom of the 7th over - 0 runs, 2 hits, 0 errors, 1 left on base; Buckhead 7 - Detroit 0
TOP OF THE 8TH
Buckhead Bowties batting - Pitching for Detroit Elite : LHP Tony Torres
Now at SS: Manuel Ramos
Batting: LHB Charles Godard 0-0: Ball
1-0: Swinging Strike
1-1: Called Strike
1-2: Ball
2-2: Ball
3-2: Foul Ball, location: 2F
3-2: Base on Balls
Batting: RHB Barsati Saraf 0-0: Called Strike
0-1: Ball
1-1: Ball
2-1: Fly out, F6 (Popup, 4MD, EV 47.5 MPH)
Batting: RHB Obiniana Romulo 0-0: Ball
1-0: Ball
2-0: Foul Ball, location: 2F
2-1: Foul Ball, location: 2F
2-2: Fly out, F8 (Line Drive, 8LM, EV 102.5 MPH)
Batting: RHB Cam Lumsden 0-0: Fly out, F8 (Line Drive, 8RM, EV 89.4 MPH)
Top of the 8th over - 0 runs, 0 hits, 0 errors, 1 left on base; Buckhead 7 - Detroit 0
BOTTOM OF THE 8TH
Detroit Elite batting - Pitching for Buckhead Bowties : LHP Jong-yong Ha
Batting: LHB Jack McCusker 0-0: Called Strike
0-1: Swinging Strike
0-2: Ball
1-2: Ball
2-2: SINGLE (Groundball, 34D, EV 106.2 MPH)
Batting: RHB Amon-Ra St. Brown 0-0: Called Strike
0-1: Ball
1-1: Foul Ball, location: 2F
1-2: Strikes out looking
Pitching: RHP Omar Morales
Batting: LHB Murray Sperber 0-0: Ball
1-0: Foul Ball, location: 2F
1-1: Foul Ball, location: 2F
1-2: Strikes out swinging
Batting: RHB Víctor Cuevas 0-0: SINGLE (Groundball, 4MD, EV 102.5 MPH)
Jack McCusker to second
Pinch Hitting: LHB Jeff Griffin 0-0: Called Strike
0-1: Swinging Strike
0-2: SINGLE (Line Drive, 6D, EV 96.2 MPH)
Jack McCusker to third
Víctor Cuevas to second
Runner from 3rd tries for Home, SAFE, throw by CF to home
Batting: RHB Juan Amengual 0-0: Foul Ball, location: 2F
0-1: Ball
1-1: Foul Ball, location: 2F
1-2: Ball
2-2: Strikes out swinging
Bottom of the 8th over - 1 run, 3 hits, 0 errors, 2 left on base; Buckhead 7 - Detroit 1
TOP OF THE 9TH
Buckhead Bowties batting - Pitching for Detroit Elite : LHP Tony Torres
Pitching: RHP Maverick McNealy
Now in LF: Jeff Griffin
Batting: SHB Silvio Capitanio 0-0: Ball
1-0: Foul Ball, location: 2F
1-1: Fly out, F9 (Flyball, 9LSF, EV 93.8 MPH)
Batting: LHB Marcus Shill 0-0: Swinging Strike
0-1: Ground out U3 (Groundball, 3, EV 95.0 MPH)
Batting: LHB Jesús Encarnación 0-0: Ball
1-0: Foul Ball, location: 2F
1-1: Foul Ball, location: 2F
1-2: Fly out, F5 (Line Drive, 5, EV 68.8 MPH)
Top of the 9th over - 0 runs, 0 hits, 0 errors, 0 left on base; Buckhead 7 - Detroit 1
BOTTOM OF THE 9TH
Detroit Elite batting - Pitching for Buckhead Bowties : RHP Omar Morales
Batting: LHB Dave Watts 0-0: Ground out 4-3 (Groundball, 4M, EV 84.4 MPH)
Batting: RHB Sergio Aguero 0-0: Foul Ball, location: 2F
0-1: Ball
1-1: Ground out 4-3 (Groundball, 4, EV 77.5 MPH)
Batting: RHB Manuel Ramos 0-0: Ball
1-0: Foul Ball, location: 2F
1-1: Ground out 5-3 (Groundball, 56, EV 84.4 MPH)
Bottom of the 9th over - 0 runs, 0 hits, 0 errors, 0 left on base; Buckhead 7 - Detroit 1
Friday, March 26th, 2021 - OOTP Baseball 20.8 Build 74